 Dungeon Crawl Stone Soup version 0.16-a0-3330-g2931290 (webtiles) character file.

5716 Inkie the Destroyer (level 10, -11/63 HPs)
             Began as an Octopode Wizard on Dec 28, 2014.
             Was a Believer of Fedhas.
             Mangled by a shadow (32 damage)
             ... on level 9 of the Dungeon.
             The game lasted 01:03:48 (14506 turns).

Inkie the Destroyer (Octopode Wizard)              Turns: 14506, Time: 01:03:49

Health: -11/63     AC:  2    Str:  8    XL:     10   Next: 76%
Magic:  7/26       EV: 12    Int: 23    God:    Fedhas [**....]
Gold:   728        SH:  0    Dex: 10    Spells: 5 memorised, 14 levels left

rFire  . . .     SeeInvis .     G - +10 trident of Tortfeasance {elec, +Fly}
rCold  . . .     Clarity  +     (no shield)
rNeg   + . .     SustAb   .     b - +1 hat
rPois  .         Gourm    .     n - amulet of clarity
rElec  .         Spirit   .     a - ring of positive energy
rCorr  .         Warding  .     j - ring of stealth
rMut   .         Stasis   .     (no ring)
MR     .....                    (no ring)
Stlth  ++++......               (no ring)
                                (no ring)
                                (no ring)
                                (no ring)

@: not resistant to hostile enchantments, stealthy
A: almost no armour, amphibious, 8 rings, constrict 8, camouflage 1, gelatinous
body 1
a: Evolution, Sunlight, Renounce Religion, Evoke Flight


You were on level 9 of the Dungeon.
You worshipped Fedhas.
Fedhas was pleased with you.
You were hungry.

You visited 2 branches of the dungeon, and saw 10 of its levels.
You also visited: Sewer.

You collected 728 gold pieces.

Inventory:

Hand weapons
 E - the +5 scythe "Finisher" {speed, Str+3}
   (You found it on level 7 of the Dungeon)

   Attacks with this weapon are significantly faster.
   It affects your strength (+3).
 G - the +10 trident of Tortfeasance (weapon) {elec, +Fly}
   (You found it on level 8 of the Dungeon)

   Occasionally, upon striking a foe, it will discharge some electrical energy
   and cause terrible harm.
   It lets you fly.
Missiles
 i - 376 stones (quivered)
Armour
 b - a +1 hat (worn)
Magical staves
 K - an uncursed staff of fire {unknown}
Jewellery
 a - a ring of positive energy (left tentacle)
 j - a ring of stealth (right tentacle)
 n - an amulet of clarity (around mantle)
Magical devices
 z - a wand of polymorph (10)
 N - a wand of paralysis (15)
Scrolls
 e - a scroll of fear
 l - 5 scrolls of identify
 o - 3 scrolls of fog
 q - a scroll of teleportation
 t - 6 scrolls of remove curse
 w - 2 scrolls of recharging
 y - a scroll of enchant armour
 I - a scroll of immolation
Potions
 g - a potion of lignification
 h - 2 potions of agility
 k - a potion of restore abilities
 m - a potion of mutation
 r - 5 potions of curing
 u - a potion of heal wounds
 x - a potion of resistance
 A - a potion of brilliance
 B - 2 potions of might
 H - a potion of berserk rage
 M - a potion of haste
Books
 c - a book of Minor Magic

   Spells                             Type                      Level
   a - Magic Dart                     Conjuration                  1
   b - Blink                          Translocation                2
   c - Call Imp                       Summoning                    2
   d - Repel Missiles                 Charms/Air                   2
   e - Slow                           Hexes                        2
   f - Conjure Flame                  Conjuration/Fire             3
   g - Mephitic Cloud                 Conjuration/Poison/Air       3
 O - a Fen Folio

   Spells                             Type                      Level
   a - Corpse Rot                     Necromancy                   2
   b - Stone Arrow                    Conjuration/Earth            3
   c - Leda's Liquefaction            Hexes/Earth                  4
   d - Summon Forest                  Summoning/Translocation      5
   e - Hydra Form                     Transmutation                6
   f - Summon Hydra                   Summoning                    7
Comestibles
 d - 9 bread rations
 f - 10 meat rations
 p - 8 fruits
 s - a royal jelly


   Skills:
 - Level 3.0 Fighting
 - Level 1.2 Polearms
 - Level 2.0 Dodging
 - Level 2.6 Stealth
 - Level 8.3 Spellcasting
 + Level 12.5 Conjurations
 - Level 1.0 Summonings
 - Level 1.0 Translocations


You had 14 spell levels left.
You knew the following spells:

 Your Spells              Type           Power        Failure   Level  Hunger
a - Magic Dart            Conj           ####         1%          1    None
b - Blink                 Tloc           N/A          10%         2    None
c - Conjure Flame         Conj/Fire      #####...     1%          3    None
d - Mephitic Cloud        Conj/Pois/Air  ####....     4%          3    None
f - Call Imp              Summ           ##......     10%         2    None


Dungeon Overview and Level Annotations

Branches:
Dungeon (9/15)             Temple (1/1) D:4
   Lair: D:8-11         Orc: D:9-12

Altars:
Ashenzari
Cheibriados
Dithmenos
Elyvilon
Fedhas
Gozag
Kikubaaqudgha
Makhleb
Nemelex Xobeh
Okawaru
Qazlal
Ru
Sif Muna
Trog
Vehumet
Xom
Yredelemnul
Zin
The Shining One

Shops:
D:8 %

Annotations:
D:8 FRUITS


Innate Abilities, Weirdness & Mutations

You cannot wear most types of armour.
You are amphibious.
You can wear up to eight rings at the same time.
You can use your tentacles to constrict many enemies at once.
Your skin changes colour to match your surroundings (Stealth).
Your rubbery body absorbs attacks (AC +1).


Message History

You blink.
Found 5 gold pieces and a club.
Read which item? (? for menu, Esc to quit)
Okay, then.
Casting: Blink
Confirm with . or Enter, or press ? or * to list all spells.
You blink.
The wight misses you.
The shadow slips into darkness.
The shadow flickers and vanishes!
Deactivating autopickup; reactivate with Ctrl-A.
Casting: Blink
Confirm with . or Enter, or press ? or * to list all spells.
Aiming: Conjure Flame
Press: ? - help, Dir - move target cursor, p - wight The fire roars!
Found a pearl ring.
The shadow strikes at you from the darkness!
Ouch! That really hurt!
You die...
Fedhas appreciates your contribution to the ecosystem.

#.######......... ....
#.........####### . .
.... #####.....# ....
###. #.....# ..... .$'.
#....># ..... ..#.
#.....# #...######.
#.....########...'......
#................# ....
#....[.@.........# ....
##.##########....# ..(.
#.# .......'....# ...
#.# .=.....#....# .:.
#.# ......#....# ####
#.# ..... #....####...
#.# ......#...........
#.# .......#...........
#.# .......'...........


There were no monsters in sight!

Vanquished Creatures
  A deep elf mage (D:9)
  A wyvern (D:8)
  A flying skull (D:9)
  A shadow (D:9)
  A spriggan (D:7)
  6 yaks (D:9)
  A hippogriff (D:7)
  A hungry ghost (D:9)
  Edmund (D:8)
  2 necrophages (D:9)
  A yellow wasp (D:9)
  Purgy (D:4)
  5 ogres
  An orc warrior (D:7)
  2 ice beasts
  2 centaurs
  2 sky beasts
  4 giant frogs
  A big kobold (D:7)
  3 wyvern zombies (D:9)
  5 scorpions
  8 killer bees
  4 crimson imps
  A centaur zombie (D:9)
  4 goliath beetles
  2 quasits
  3 wights (D:9)
  A giant frog skeleton (D:4)
  2 giant frog zombies
  3 hounds
  5 worker ants
  4 orc wizards
  3 iguanas (D:9)
  A hound skeleton (D:9)
  A hound zombie (D:5)
  7 adders
  3 gnolls (D:8)
  4 shadow imps
  2 giant mites (D:4)
  2 worms (D:4)
  3 adder skeletons (D:9)
  6 giant geckos
  2 oozes
  15 orcs
  A ball python (D:4)
  19 bats
  2 bat skeletons
  A giant cockroach (D:1)
  12 goblins
  14 hobgoblins
  3 jackals (D:8)
  16 kobolds
  3 quokkas
  A giant gecko skeleton (D:7)
  11 giant newts
  A hobgoblin zombie (D:8)
  A quokka zombie (D:9)
  19 rats
  A plant (D:4)
  A toadstool (D:7)
235 creatures vanquished.

Vanquished Creatures (others)
  A worker ant (D:4)
  A giant spore (D:9)
  72 toadstools
74 creatures vanquished.

Grand Total: 309 creatures vanquished

Notes
Turn   | Place    | Note
--------------------------------------------------------------
     0 | D:1      | Inkie, the Octopode Wizard, began the quest for the Orb.
     0 | D:1      | Reached XP level 1. HP: 11/11 MP: 4/4
   241 | D:1      | Reached XP level 2. HP: 17/17 MP: 3/6
   694 | D:1      | Reached XP level 3. HP: 21/21 MP: 2/7
  1062 | D:2      | Found an opulent altar of Gozag.
  1665 | D:3      | Learned a level 2 spell: Blink
  1669 | D:3      | Learned a level 3 spell: Conjure Flame
  1672 | D:3      | Learned a level 2 spell: Repel Missiles
  1874 | D:3      | Reached XP level 4. HP: 27/27 MP: 0/9
  2376 | D:3      | Found a sparkling altar of Nemelex Xobeh.
  2397 | D:3      | Reached skill level 4 in Conjurations
  2817 | D:4      | Found a glowing drain.
  2831 | Sewer    | Entered a sewer
  2850 | Sewer    | Noticed Purgy
  3297 | D:4      | Found a staircase to the Ecumenical Temple.
  3638 | Temple   | Entered the Ecumenical Temple
  3740 | Temple   | Became a worshipper of Fedhas Madash
  4101 | D:4      | Reached XP level 5. HP: 26/31 MP: 3/11
  4187 | D:4      | Reached skill level 5 in Conjurations
  4336 | D:4      | Noticed an ogre
  4633 | D:4      | Reached XP level 6. HP: 23/36 MP: 4/12
  4637 | D:4      | Reached skill level 6 in Conjurations
  5220 | D:4      | Killed an ogre
  5220 | D:4      | Reached skill level 7 in Conjurations
  5220 | D:4      | Reached XP level 7. HP: 41/41 MP: 5/14
  5656 | D:4      | Killed Purgy
  6171 | D:5      | Entered Level 5 of the Dungeon
  6293 | D:4      | Learned a level 3 spell: Mephitic Cloud
  6296 | D:4      | Learned a level 2 spell: Call Imp
  6397 | D:4      | Reached skill level 5 in Spellcasting
  6539 | D:5      | You fall through a shaft for 3 floors!
  6547 | D:8      | Reached XP level 8. HP: 25/46 MP: 12/20
  7970 | D:6      | Found a glowing golden altar of the Shining One.
  8379 | D:6      | Found a sacrificial altar of Ru.
  8522 | D:7      | Reached skill level 8 in Spellcasting
  8538 | D:7      | Acquired Fedhas' first power
  8759 | D:7      | Reached XP level 9. HP: 51/51 MP: 9/25
  9706 | D:7      | Reached skill level 9 in Conjurations
  9880 | D:7      | Found a basalt altar of Yredelemnul.
  9922 | D:7      | Reached skill level 1 in Polearms
  9929 | D:7      | Reached skill level 1 in Fighting
 10644 | D:8      | Found Skuruh's Food Emporium.
 10713 | D:8      | Got an encrusted trident
 10717 | D:8      | Identified the +10 trident of Tortfeasance {elec, +Fly} (You found it on level 8 of the Dungeon)
 11169 | D:8      | Reached skill level 10 in Conjurations
 11443 | D:8      | Acquired Fedhas' second power
 11471 | D:8      | Noticed Edmund
 11501 | D:8      | Killed Edmund
 11501 | D:8      | Reached XP level 10. HP: 63/63 MP: 2/26
 12245 | D:9      | Reached skill level 11 in Conjurations
 13221 | D:9      | Reached skill level 12 in Conjurations
 13516 | D:9      | Noticed a skeletal warrior
 14506 | D:9      | Mangled by a shadow

Action                   |  1- 3 |  4- 6 |  7- 9 | 10-12 || total
-------------------------+-------+-------+-------+-------++-------
Melee: Unarmed           |    16 |    44 |     3 |       ||    63
       Scythe            |       |       |    30 |       ||    30
       Trident           |       |       |     9 |    36 ||    45
 Cast: Magic Dart        |    80 |   144 |   413 |   216 ||   853
       Blink             |       |     3 |     9 |    12 ||    24
       Conjure Flame     |       |     1 |    26 |    26 ||    53
       Repel Missiles    |       |       |     4 |     1 ||     5
       Mephitic Cloud    |       |       |    13 |     6 ||    19
  Use: Potion            |     1 |     4 |       |     1 ||     6
       Scroll            |       |     5 |       |    16 ||    21
 Stab: Sleeping          |     1 |       |       |     1 ||     2
  Eat: Chunk             |     3 |     6 |    19 |     4 ||    32
       Bread ration      |       |     1 |       |       ||     1
       Pizza             |       |       |       |     2 ||     2
       Beef jerky        |       |       |       |     1 ||     1
